 Dungeon Crawl Stone Soup version 0.28-a0-1510-gd0f6b136d3 (webtiles) character file.

Game seed: 3406504540816404259

3326 gruber the Arsonist (level 9, -3/45 HPs)
             Began as a Deep Elf Fire Elementalist on Jan 15, 2022.
             Was a Priest of Vehumet.
             Slain by a gnoll (5 damage)
             ... on level 8 of the Dungeon.
             The game lasted 00:11:28 (10022 turns).

gruber the Arsonist (Deep Elf Fire Elementalist)   Turns: 10022, Time: 00:11:29

Health: -3/45      AC:  5    Str:  5    XL:     9   Next: 71%
Magic:  9/21       EV: 12    Int: 25    God:    Vehumet [***...]
Gold:   402        SH:  0    Dex: 15    Spells: 15/22 levels left

rFire   + . .      SeeInvis .   l - +2 dagger (speed)
rCold   x . .      Faith    .   (no shield)
rNeg    . . .      Spirit   .   a - +0 robe
rPois   +          Reflect  .   C - +1 hat
rElec   .          Harm     .   (no cloak)
rCorr   .          Rampage  .   h - +0 pair of gloves
Will    .....                   t - +0 pair of boots
Stlth   ++........              (no amulet)
HPRegen 0.15/turn               d - ring of fire
MPRegen 0.17/turn               x - ring of poison resistance

@: studying 2 skills
A: no striking features
a: Renounce Religion


You were on level 8 of the Dungeon.
You worshipped Vehumet.
Vehumet was most pleased with you.
You visited 2 branches of the dungeon, and saw 9 of its levels.
You also visited: Sewer.

You collected 402 gold pieces.

Inventory:

Hand Weapons
 l - a +2 dagger of speed (weapon)
Missiles
 A - a throwing net
Armour
 a - a +0 robe (worn)
 h - a +0 pair of gloves (worn)
 t - a +0 pair of boots (worn)
 C - a +1 hat (worn)
Jewellery
 d - a ring of fire (left hand)
 x - a ring of poison resistance (right hand)
Wands
 B - a wand of acid (5)
 D - a wand of flame (24)
Scrolls
 b - 4 scrolls of identify {unknown}
 i - 3 scrolls of fog {unknown}
 j - a scroll of amnesia {unknown}
 k - a scroll of noise {unknown}
 m - 2 scrolls of blinking {unknown}
 n - 5 scrolls of teleportation {unknown}
 p - a scroll of summoning {unknown}
 q - a scroll of fear {unknown}
 s - 2 scrolls of enchant weapon {unknown}
 w - a scroll of holy word {unknown}
 y - 2 scrolls of enchant armour {unknown}
Potions
 c - 3 potions of cancellation {unknown}
 e - 4 potions of curing {unknown}
 f - 2 potions of heal wounds {unknown}
 g - 3 potions of flight {unknown}
 o - a potion of resistance {unknown}
 r - a potion of haste
 u - a potion of ambrosia {unknown}
 v - 3 potions of degeneration {unknown}
 z - a potion of brilliance {unknown}
 E - 3 potions of invisibility {unknown}
 F - a potion of mutation {unknown}


   Skills:
 - Level 2.4 Dodging
 - Level 2.4 Stealth
 - Level 7.0 Spellcasting
 - Level 7.0 Conjurations
 + Level 12.6 Fire Magic


You had 15 spell levels left.
You knew the following spells:

 Your Spells              Type           Power      Damage    Failure   Level
a - Foxfire               Conj/Fire      100%       2x1d9     1%          1
b - Scorch                Fire           100%       2d10      1%          2
c - Flame Wave            Conj/Fire      72%        2d11      1%          4

Your spell library contained the following spells:

 Spells                   Type           Power      Damage    Failure   Level
 Static Discharge         Conj/Air       26%        N/A       1%          2
 Conjure Flame            Conj/Fire      72%        6-21      1%          3
 Inner Flame              Hex/Fire       57%        N/A       1%          3
 Poisonous Vapours        Pois/Air       16%        N/A       2%          2
 Animate Skeleton         Necr           16%        N/A       7%          1
 Apportation              Tloc           16%        N/A       7%          1
 Sting                    Tmut/Pois      32%        1d4       7%          1
 Summon Small Mammal      Summ           32%        N/A       7%          1
 Corpse Rot               Necr/Air       16%        N/A       10%         2
 Lightning Bolt           Conj/Air       13%        1d26      12%         5
 Olgreb's Toxic Radiance  Pois           8%         N/A       17%         4
 Dispel Undead            Necr           8%         3d8       54%         4
 Death Channel            Necr           4%         N/A       100%        6
 Malign Gateway           Summ/Tloc      4%         N/A       100%        7
 Maxwell's Capacitive Co  Air            4%         ∞         100%        8
 Summon Horrible Things   Summ           4%         N/A       100%        8


Dungeon Overview and Level Annotations

Branches:
Dungeon (8/15)             Temple (1/1) D:4           Sewer (visited)
   Lair: D:8-11

Altars:
Ashenzari
Cheibriados
Dithmenos
Elyvilon
Gozag
Hepliaklqana
Kikubaaqudgha
Makhleb
Nemelex Xobeh
Okawaru
Qazlal
Ru
Sif Muna
Trog
Uskayaw
Vehumet
Wu Jian
Yredelemnul
Zin
The Shining One

Shops:
D:5 *

Annotations:
D:2 1 runed translucent door, Crazy Yiuf
D:3 Grinder


Message History

The foxfire hits the gnoll shaman.
The gnoll shaman is almost dead.
The gnoll hits you from afar with a +0 halberd.
The gnoll hits you from afar with a +0 halberd!
The gnoll shaman mumbles some strange prayers to its god.
The gnoll shaman is healed somewhat.
Unknown command.
Casting: Flame Wave (safe; 1% risk of failure)
Confirm with . or Enter, or press ? or * to list all spells.
Restarting spell: Flame Wave (safe; 1% risk of failure)
Press: ? - help, Dir - look around, f - activate You feel a surge of power!
A wave of flame ripples out!
The flame wave engulfs the gnoll shaman.
The gnoll shaman is almost dead. (Press . to intensify the flame waves.)
The gnoll barely misses you.
The gnoll shaman mumbles some strange prayers to its god against you.
You easily resist.
Unknown command.
Unknown command.
You tear a large gash into the net.
The gnoll hits you from afar with a +0 halberd!
The gnoll hits you but does no damage.
The gnoll shaman calls upon its god to speed up the gnoll.
The gnoll seems to speed up.
The orc hits you but does no damage.
You struggle against the net.
The gnoll hits you from afar with a +0 halberd!
* * * LOW HITPOINT WARNING * * *
The gnoll hits you with a +0 whip.
* * * LOW HITPOINT WARNING * * *
The gnoll shaman hits you with a +0 club.
* * * LOW HITPOINT WARNING * * *
The orc hits you from afar with a +0 trident.
* * * LOW HITPOINT WARNING * * *
Unknown command.
Unknown command.
Unknown command.
You shred the net and break free! The gnoll barely misses you.
The gnoll hits you with a +0 whip.
You die...

. #..
#...######
##.....###..#
#....@g....#
#....g.......
#....o.g.....
##...........
......#......
###..###......
... ......
.##. .##...


You could see a gnoll shaman, 2 gnolls and an orc.

Vanquished Creatures
  Prince Ribbit (D:8)
  A wraith (D:6)
  A steam dragon (D:7)
  3 water moccasins
  3 black bears
  A sky beast (D:6)
  2 necrophages
  An ice beast (D:7)
  2 ogres (D:4)
  Blork the orc (D:4)
  6 bullfrogs
  2 scorpions
  A howler monkey (D:4)
  2 bullfrog zombies (D:6)
  3 hounds (D:6)
  An orc priest (D:5)
  A jelly (D:7)
  A centaur skeleton (D:7)
  3 bullfrog skeletons
  A gnoll shaman (D:7)
  Terence (D:2)
  4 iguanas
  Natasha (thrice) (D:4)
  4 orc wizards
  2 hound skeletons (D:5)
  Robin (D:4)
  A howler monkey skeleton (D:7)
  10 gnolls
  9 adders
  9 river rats (Sewer)
  3 dart slugs
  19 orcs
  3 endoplasms
  7 giant cockroaches
  11 goblins
  6 hobgoblins
  15 jackals
  8 kobolds
  8 quokkas
  24 ball pythons
  2 bats
  6 frilled lizards
  27 rats
220 creatures vanquished.

Vanquished Creatures (others)
  973 foxfires
  11 plants (D:7)
984 creatures vanquished.

Grand Total: 1204 creatures vanquished

Notes
Turn   | Place    | Note
-------+----------+-------------------------------------------
     0 | D:1      | gruber the Deep Elf Fire Elementalist began the quest for
                  | the Orb.
     0 | D:1      | Reached XP level 1. HP: 10/10 MP: 6/6
   297 | D:1      | Reached XP level 2. HP: 15/15 MP: 5/8
   773 | D:1      | You fall into a shaft and drop 1 floor!
  1037 | D:2      | Found a stormy altar of Qazlal.
  1152 | D:2      | Reached XP level 3. HP: 19/19 MP: 6/10
  1235 | D:2      | Reached skill level 4 in Fire Magic
  1928 | D:2      | Noticed Terence
  1940 | D:2      | Killed Terence
  1941 | D:2      | Reached XP level 4. HP: 24/24 MP: 0/12
  2112 | D:2      | Found a runed translucent door.
  2113 | D:2      | Noticed Crazy Yiuf
  3524 | D:3      | Noticed Grinder
  3626 | D:4      | Noticed an ogre
  3634 | D:4      | Killed an ogre
  3635 | D:4      | Reached XP level 5. HP: 3/28 MP: 5/14
  3638 | D:4      | Learned a level 2 spell: Scorch
  3643 | D:4      | Learned a level 4 spell: Flame Wave
  3952 | D:4      | Noticed Natasha
  3967 | D:4      | Killed Natasha
  3968 | D:4      | Reached skill level 5 in Spellcasting
  4017 | D:4      | Noticed Natasha
  4025 | D:4      | Killed Natasha
  4059 | D:4      | Reached XP level 6. HP: 32/32 MP: 9/15
  4127 | D:4      | Noticed Natasha
  4131 | D:4      | Killed Natasha
  4253 | D:4      | Noticed Robin
  4414 | D:4      | Reached skill level 5 in Fire Magic
  4973 | D:4      | Reached skill level 5 in Conjurations
  4979 | D:4      | Reached XP level 7. HP: 36/36 MP: 11/18
  5078 | D:4      | Noticed Blork the orc
  5085 | D:4      | Killed Blork the orc
  5154 | D:4      | Killed Robin
  5195 | D:4      | Found a staircase to the Ecumenical Temple.
  5209 | Temple   | Entered the Ecumenical Temple
  5399 | Temple   | Became a worshipper of Vehumet
  5753 | D:5      | Entered Level 5 of the Dungeon
  5783 | D:5      | Found a glowing drain.
  5804 | Sewer    | Entered a sewer
  6264 | Sewer    | Reached * piety under Vehumet
  6264 | Sewer    | Offered knowledge of Shock by Vehumet.
  6665 | Sewer    | Reached ** piety under Vehumet
  6666 | Sewer    | Reached skill level 6 in Fire Magic
  6666 | Sewer    | Offered knowledge of Magic Dart by Vehumet.
  6779 | D:5      | Reached XP level 8. HP: 28/41 MP: 15/20
  7075 | D:5      | Reached skill level 7 in Fire Magic
  7486 | D:5      | Found Kum Himpy's Overcharged Wands.
  7774 | D:6      | Reached skill level 8 in Fire Magic
  8113 | D:6      | Reached skill level 9 in Fire Magic
  8492 | D:6      | Reached skill level 10 in Fire Magic
  8492 | D:6      | Reached XP level 9. HP: 45/45 MP: 12/21
  8549 | D:6      | Offered knowledge of Static Discharge by Vehumet.
  8948 | D:6      | Identified the +8 short sword of Yceowyb {speed, *Rage
                  | rElec rF+ Will+++}
  9166 | D:7      | Reached skill level 11 in Fire Magic
  9687 | D:7      | Reached *** piety under Vehumet
  9832 | D:7      | Reached skill level 12 in Fire Magic
 10008 | D:8      | Noticed Prince Ribbit
 10014 | D:8      | Killed Prince Ribbit
 10021 | D:8      | HP: 2/45 [orc (1)]
 10022 | D:8      | Slain by a gnoll

Illustrated notes

Levels and vault maps discovered:
D:1:      tarquinn_simple_flora_water_e, layout_loops_ring
D:2:      minmay_inner_zag, layout_basic, basic_altar, uniq_terence,
          uniq_crazy_yiuf_cottage
D:3:      layout_basic, hex_medium, uniq_grinder
D:4:      minmay_skewed_foursquare, layout_rooms, minivault_26,
          minmay_misc_feat_x, hangedman_decor_opposing, minmay_manual_monolith,
          uniq_natasha, uniq_robin, uniq_blork_the_orc
D:5:      layout_loops_cross, portal_sewer_entry_f,
          nicolae_shop_overcharged_wands
D:6:      layout_basic, kennysheep_pointless_box, minmay_manual_mullet
D:7:      layout_rooms, serial_bayou_pond_c, minmay_fractal_squares_gapless_5
D:8:      layout_rooms, dpeg_oklobed_lair, minmay_misc_feat_four_crosses,
          hangedman_decor_lopped, uniq_prince_ribbit1
Temple:   mainiacjoe_temple_starburst

Skill      XL: |  1  2  3  4  5  6  7  8  9 |
---------------+----------------------------+-----
Conjurations   | 2 3 4 5 6 7 |  7.0
Fire Magic     | 4 5 6 10 12 | 12.6
Spellcasting   | 4 5 6 7 |  7.0
Dodging        | |  2.4
Stealth        | |  2.4

Action                   |  1- 3 |  4- 6 |  7- 9 || total
-------------------------+-------+-------+-------++-------
Melee: Unarmed           |       |     1 |       ||     1
       Dagger            |       |       |     6 ||     6
       Punch             |       |       |     1 ||     1
 Cast: Foxfire           |   114 |   122 |   355 ||   591
       Scorch            |       |    10 |    29 ||    39
       Flame Wave        |       |     1 |     5 ||     6
Armor: Robe              |     2 |     8 |     9 ||    19
Dodge: Dodged            |     9 |    20 |    34 ||    63

Table legend: (Time is in decaauts)
 A = Elapsed time spent in this place.
 B = Non-inter-level travel time spent in this place.
 C = Inter-level travel time spent in this place.
 D = Time resting spent in this place.
 E = Time spent auto-exploring this place.
 F = Levels seen in this place.
 G = Mean time per level.
                   A        B        C        D        E       F      G
               +--------+--------+--------+--------+--------+-----+--------+
         Total |  10087 |   9778 |    309 |     16 |   8346 |  10 | 1008.7 |
       Dungeon |   8883 |   8628 |    255 |     16 |   7380 |   8 | 1110.4 |
        Temple |    243 |    190 |     53 |      0 |    169 |   1 |  243.0 |
         Sewer |    960 |    960 |      0 |      0 |    796 |   1 |  960.0 |
               +--------+--------+--------+--------+--------+-----+--------+

Top non-repeatable levels by time:
     D:4: 1868 daAuts
     D:2: 1572 daAuts
     D:6: 1491 daAuts
     D:1: 1248 daAuts
   Sewer: 960 daAuts
     D:5: 947 daAuts
     D:7: 921 daAuts
     D:3: 820 daAuts
  Temple: 243 daAuts
     D:8: 13 daAuts
